[Event "Ujir Singh Thapa Memorial 2080"]
[Site "Butwal"]
[Date "2024.04.09"]
[Round "9.1"]
[White "Vipul Subhashi"]
[Black "Jaiswal, Rupesh"]
[Result "0-1"]
[ECO "B99"]
[WhiteElo "1971"]
[BlackElo "1969"]
[Annotator "RC"]
[PlyCount "70"]
[EventDate "2024.04.03"]
[EventType "swiss"]
[EventCountry "NEP"]
[SourceTitle "playchess.com"]
[Source "ChessBase"]
[SourceQuality "1"]
[TimeControl "3600+30"]

1. e4 c5 2. Nf3 d6 3. d4 cxd4 4. Nxd4 Nf6 5. Nc3 a6 6. Bg5 e6 7. f4 Be7 8. Qf3 Qc7 9. O-O-O Nbd7 10. g4 b5 11. Bh3 b4 12. Nce2 Bb7 13. Ng3 Rc8 14. Kb1 h6 15. Bh4 g5 16. Rhe1 gxh4 17. Nf1 e5 18. g5 exd4 19. gxf6 Qxc2+ 20. Ka1 Bxf6 21. Qg4 Qc7 22. e5 dxe5 23. fxe5 Bxe5 24. Qxd7+ Qxd7 25. Bxd7+ Kxd7 26. Rxe5 Rhe8 27. Rf5 Ke7 28. Rf4 Red8 29. Rxh4 Rc6 30. Ng3 d3 31. Rxb4 Ba8 32. Kb1 Kf8 33. Rb3 d2 34. Nf1 Rc1+ 35. Rxc1 Be4+ 0-1

[Event "Ujir Singh Thapa Memorial 2080"]
[Site "Butwal"]
[Date "2024.04.09"]
[Round "9.2"]
[White "Sinha, Sudhir Kumar"]
[Black "Thapa, Krishna"]
[Result "1-0"]
[ECO "B24"]
[WhiteElo "1968"]
[BlackElo "1963"]
[Annotator "RC"]
[PlyCount "71"]
[EventDate "2024.04.03"]
[EventType "swiss"]
[EventCountry "NEP"]
[SourceTitle "playchess.com"]
[Source "ChessBase"]
[SourceQuality "1"]
[TimeControl "3600+30"]

1. e4 c5 2. Nc3 e6 3. g3 Nc6 4. Bg2 Nf6 5. Nge2 d5 6. exd5 exd5 7. d4 cxd4 8. Nxd4 Be7 9. O-O O-O 10. Bf4 Nxd4 11. Qxd4 Be6 12. Rad1 Qd7 13. Be5 a6 14. Qd2 Rfd8 15. Ne2 Rac8 16. c3 h6 17. Nf4 b5 18. Nxe6 fxe6 19. Qe2 Rf8 20. Bh3 Rce8 21. Rfe1 Bd6 22. Bxf6 Rxf6 23. Rxd5 exd5 24. Qxe8+ Qxe8 25. Rxe8+ Kh7 26. Rc8 g5 27. Bg2 Rf5 28. Rc6 Be5 29. Bxd5 Rf6 30. Be4+ Kg7 31. Rc5 Bd6 32. Rd5 Be7 33. Rd7 Rf7 34. Bd5 Kf6 35. Bxf7 Kxf7 36. Ra7 1-0

[Event "Ujir Singh Thapa Memorial 2080"]
[Site "Butwal"]
[Date "2024.04.09"]
[Round "9.3"]
[White "Maharjan, Sajin"]
[Black "Maharjan, Suroj"]
[Result "0-1"]
[ECO "B07"]
[WhiteElo "1930"]
[BlackElo "1918"]
[Annotator "RC"]
[PlyCount "46"]
[EventDate "2024.04.03"]
[EventType "swiss"]
[EventCountry "NEP"]
[SourceTitle "playchess.com"]
[Source "ChessBase"]
[SourceQuality "1"]
[TimeControl "3600+30"]

1. e4 d6 2. d4 Nf6 3. Nc3 c6 4. Nf3 Bg4 5. h3 Bh5 6. Qe2 Bxf3 7. Qxf3 Nbd7 8. Be3 a5 9. d5 g6 10. Be2 Bg7 11. g4 a4 12. a3 Qa5 13. O-O O-O 14. Rad1 c5 15. Na2 b5 16. c3 Rab8 17. Kh1 Ne5 18. Qg2 Nc4 19. Bxc4 bxc4 20. Rd2 Rb6 21. e5 dxe5 22. f3 Rfb8 23. Rfd1 Ne8 0-1

[Event "Ujir Singh Thapa Memorial 2080"]
[Site "Butwal"]
[Date "2024.04.09"]
[Round "9.4"]
[White "Chhetri, Ram Bahadur"]
[Black "Raghav, Srivathsav V"]
[Result "0-1"]
[ECO "E90"]
[WhiteElo "1866"]
[BlackElo "1983"]
[Annotator "RC"]
[PlyCount "88"]
[EventDate "2024.04.03"]
[EventType "swiss"]
[EventCountry "NEP"]
[SourceTitle "playchess.com"]
[Source "ChessBase"]
[SourceQuality "1"]
[TimeControl "3600+30"]

1. d4 Nf6 2. c4 g6 3. Nc3 Bg7 4. e4 d6 5. Nf3 O-O 6. Bd3 Bg4 7. O-O Nc6 8. Be3 e5 9. d5 Nd4 10. Be2 Bxf3 11. Bxf3 Nd7 12. Be2 c5 13. dxc6 bxc6 14. f4 f5 15. exf5 Nxf5 16. Bc1 exf4 17. Rxf4 Be5 18. Rf3 Nd4 19. Rh3 Nc5 20. Be3 Nce6 21. Bd3 Nf5 22. Bxf5 Rxf5 23. Qd2 Qa5 24. a3 Raf8 25. Rd1 Qa6 26. Qd3 Nf4 27. Bxf4 Rxf4 28. Ne4 Qb6+ 29. Kh1 Qb3 30. Nf2 Qxd3 31. Rhxd3 Rxf2 32. Kg1 Rxb2 33. R3d2 Rxd2 34. Rxd2 Rf4 35. g3 Rxc4 36. Rd3 Rc3 37. Rd1 Rxa3 38. Kg2 c5 39. Rc1 a5 40. Rc2 a4 41. Rc4 Bd4 42. Kf1 d5 43. Rc2 Rb3 44. Rc1 a3 0-1

[Event "Ujir Singh Thapa Memorial 2080"]
[Site "Butwal"]
[Date "2024.04.09"]
[Round "9.5"]
[White "Ashutosh, Kumar"]
[Black "Rishabh Nishad"]
[Result "0-1"]
[ECO "A80"]
[WhiteElo "1850"]
[BlackElo "1953"]
[Annotator "RC"]
[PlyCount "78"]
[EventDate "2024.04.03"]
[EventType "swiss"]
[EventCountry "NEP"]
[SourceTitle "playchess.com"]
[Source "ChessBase"]
[SourceQuality "1"]
[TimeControl "3600+30"]

1. d4 f5 2. Bg5 h6 3. Bh4 g5 4. e3 Nf6 5. Bg3 d6 6. Nc3 Bg7 7. h4 g4 8. Bc4 d5 9. Bb3 e6 10. Nge2 O-O 11. Nf4 Kh7 12. h5 c5 13. dxc5 Qa5 14. Ng6 Rd8 15. Bh4 Nc6 16. O-O Qxc5 17. Ne2 Re8 18. Ngf4 b6 19. c3 Ne4 20. Ng3 Ng5 21. Bc2 Kg8 22. Qe2 a5 23. Bd3 Ne5 24. Bb5 Ngf3+ 25. Kh1 Nxh4 26. b4 Qe7 27. Bxe8 Qxe8 28. Rab1 Ba6 29. b5 Bb7 30. Rfc1 Rc8 31. Kh2 Qe7 32. Qd1 Rc4 33. Nge2 Nf7 34. Kg3 Ng5 35. Qh1 Ne4+ 36. Kh2 e5 37. Nd3 Qg5 38. Kg1 g3 39. fxg3 Qxe3+ 0-1

[Event "Ujir Singh Thapa Memorial 2080"]
[Site "Butwal"]
[Date "2024.04.09"]
[Round "9.6"]
[White "Chaulagain, Purushottam"]
[Black "B.K, Tirth Bahadur"]
[Result "0-1"]
[ECO "D00"]
[WhiteElo "1906"]
[BlackElo "1866"]
[Annotator "RC"]
[PlyCount "58"]
[EventDate "2024.04.03"]
[EventType "swiss"]
[EventCountry "NEP"]
[SourceTitle "playchess.com"]
[Source "ChessBase"]
[SourceQuality "1"]
[TimeControl "3600+30"]

1. d4 e6 2. Nc3 d5 3. Bf4 Bd6 4. e3 Bxf4 5. exf4 Nf6 6. Nf3 Nc6 7. Ne5 Nxe5 8. fxe5 Nd7 9. Qd2 O-O 10. h4 f6 11. f4 fxe5 12. fxe5 c5 13. O-O-O cxd4 14. Qxd4 Qb6 15. Qd2 Nxe5 16. Nxd5 exd5 17. Qxd5+ Nf7 18. Bc4 Bg4 19. Rdf1 Rad8 20. Qe5 Qd4 21. Qf4 Qxf4+ 22. Rxf4 h5 23. Rhf1 Rd7 24. b4 g6 25. Bd3 Kg7 26. a4 Rd6 27. Be4 b6 28. Kb2 Rdd8 29. Rf6 Bf5 0-1

[Event "Ujir Singh Thapa Memorial 2080"]
[Site "Butwal"]
[Date "2024.04.09"]
[Round "9.7"]
[White "Prakhar Tripathi"]
[Black "Bristy Mukherjee"]
[Result "1/2-1/2"]
[ECO "B26"]
[WhiteElo "1599"]
[BlackElo "1903"]
[Annotator "RC"]
[PlyCount "66"]
[EventDate "2024.04.03"]
[EventType "swiss"]
[EventCountry "NEP"]
[SourceTitle "playchess.com"]
[Source "ChessBase"]
[SourceQuality "1"]
[TimeControl "3600+30"]

1. e4 c5 2. Nc3 d6 3. g3 Nc6 4. Bg2 g6 5. d3 Bg7 6. Be3 Rb8 7. a4 b6 8. Qd2 a6 9. Nge2 b5 10. h3 b4 11. Nd1 Nd4 12. Bxd4 cxd4 13. b3 e6 14. O-O Ne7 15. Nf4 O-O 16. Nb2 Bh6 17. Qd1 d5 18. Ne2 Bb7 19. g4 Bg7 20. f3 f5 21. exf5 gxf5 22. f4 fxg4 23. hxg4 Ng6 24. Qe1 Qc7 25. Qd2 a5 26. Rf2 Rbc8 27. Rc1 Qe7 28. g5 Rc7 29. Ng3 Qd6 30. Nh5 Rcf7 31. Rcf1 h6 32. f5 exf5 33. gxh6 Be5 1/2-1/2